 Dungeon Crawl Stone Soup version 0.19-a0-1513-gf6d23ed (webtiles) character file.

947 jacquesderrida the Carver (level 8, -8/39 HPs)
             Began as a Vine Stalker Wanderer on Sept 12, 2016.
             Was an Initiate of Ashenzari.
             Mangled by a wight
             ... wielding a +0 halberd
              (11 damage)
             ... on level 6 of the Dungeon.
             The game lasted 00:09:04 (1521 turns).

jacquesderrida the Carver (Vine Stalker Wanderer)   Turns: 1521, Time: 00:09:04

Health: -8/39      AC:  5    Str: 19    XL:     8   Next: 13%
Magic:  0/9        EV: 11    Int: 10    God:    Ashenzari [......]
Gold:   83         SH:  0    Dex: 14    Spells: 0 memorised, 7 levels left

rFire  . . .     SeeInvis .     a - +2 falchion
rCold  . . .     Gourm    .     c - +0 ring mail
rNeg   . . .     Faith    .     (no shield)
rPois  .         Spirit   +     (no helmet)
rElec  .         Dismiss  .     (no cloak)
rCorr  +         Reflect  .     (no gloves)
MR     ++...     Harm     .     (no boots)
Stlth  +.........               (no amulet)
                                (no ring)
                                o - ring of resist corrosion

@: very slightly contaminated, drained, invisible
A: fangs 3, magic resistance 1, regeneration 1, magic shield, antimagic bite, no
device heal 3, rot immunity
a: Curse Item, Renounce Religion


You were on level 6 of the Dungeon.
You worshipped Ashenzari.
Ashenzari was noncommittal.
You were hungry.

You visited 2 branches of the dungeon, and saw 8 of its levels.
You also visited: Ossuary.

You collected 83 gold pieces.

Inventory:

Hand Weapons
 a - a +2 falchion (weapon)
 d - a +0 dagger
Missiles
 e - 8 throwing nets (quivered)
Armour
 c - a +0 ring mail (worn)
 n - a +0 plate armour
Jewellery
 o - a ring of resist corrosion (left hand)
 r - an uncursed ring of ice
Scrolls
 h - a scroll of holy word {unknown}
 k - 2 scrolls of immolation {unknown}
 l - a scroll of magic mapping
 p - 2 scrolls of identify
 s - a scroll of blinking {unknown}
 t - a scroll of random uselessness {unknown}
Potions
 b - 4 potions of curing
 q - 2 potions of ambrosia {unknown}
Books
 m - a book of Battle

   Spells                             Type                      Level
   a - Infusion                       Charms                       1
   b - Shroud of Golubria             Charms/Translocation         2
   c - Song of Slaying                Charms                       2
   d - Spectral Weapon                Hexes/Charms                 3
   e - Regeneration                   Charms/Necromancy            3
Comestibles
 f - 2 bread rations
 g - 4 meat rations
 i - a royal jelly


   Skills:
 + Level 1.9(1.3) Fighting
 + Level 8.1(7.4) Long Blades
   Level 1.7(1.1) Maces & Flails
 - Level 1.0(0.4) Armour
 + Level 1.7(1.1) Dodging
 - Level 2.4(1.8) Stealth
   Level 1.0(0.4) Shields


You had 7 spell levels left.
You didn't know any spells.

Dungeon Overview and Level Annotations

Branches:
Dungeon (7/15)             Temple (1/1) D:5

Altars:
Ashenzari
Kikubaaqudgha
Makhleb
Okawaru
Sif Muna
Uskayaw
Zin
The Shining One

Annotations:
D:3 Jessica, Robin
D:6 Sigmund


Innate Abilities, Weirdness & Mutations

You have razor-sharp teeth.
Your natural rate of healing is unusually fast.
When hurt, damage is shared between your health and your magic reserves.
Your bite disrupts and absorbs the magic of your enemies.
Potions and wands cannot restore your health.
You are immune to rotting.
You are resistant to hostile enchantments. (MR+)


Message History

The wight hits you with an enchanted long sword!
* * * LOW HITPOINT WARNING * * *
You slash the wight!
You destroy the wight!
The wight hits you from afar with a halberd!
* * * LOW HITPOINT WARNING * * *
The wight barely misses you.
Items here: )) [[ a cursed enchanted long sword; an uncursed robe of magic resistance an uncursed robe; an uncursed enchanted spear You barely miss the wight.
The wight hits you but does no damage.
You hit the wight but do no damage. Your bite misses the wight.
The wight closely misses you.
You riposte.
You hit the wight but do no damage. Your bite misses the wight.
You closely miss the wight.
You catch the helpless wight completely off-guard!
You hit the wight.
The wight is lightly damaged.
The wight hits you with a halberd!
You die...

......##..'##..
.........##.##.
......#.##...##
#+#......##(##.
#.#+###...###..
#.........(#...
#....##........
#####....#####.....
#>@z.....'.........
#####....####.....#
#....# #.....#
#....# #.....#
#....# #.....#
###### #######
#.... #.(.. #....


You could see a wight.

Vanquished Creatures
  Eustachio (D:6)
  A black bear (D:6)
  A phantom (D:6)
  2 ogres
  2 wights (D:6)
  3 centaur zombies (Ossuary)
  2 iguanas (D:6)
  3 worker ants
  2 big kobold zombies (Ossuary)
  4 mummies (Ossuary)
  4 gnolls (D:4)
  2 worms (D:4)
  A giant gecko (D:6)
  An orc (D:5)
  A bat (D:3)
  2 giant cockroaches
  4 goblins
  2 hobgoblins
  2 jackals (D:1)
  7 kobolds
  2 quokkas (D:5)
  A giant gecko skeleton (D:4)
  2 giant newts
  3 hobgoblin zombies (Ossuary)
  3 rats (D:1)
58 creatures vanquished.

Notes
Turn   | Place    | Note
-------+----------+-------------------------------------------
     0 | D:1      | jacquesderrida the Vine Stalker Wanderer began the quest for the Orb.
     0 | D:1      | jacquesderrida set off with: a +2 falchion, a potion of curing, a +0 ring mail, a +0 dagger, a bread ration
     0 | D:1      | Reached XP level 1. HP: 10/10 MP: 2/2
    85 | D:1      | Reached skill level 2 in Long Blades
   176 | D:1      | Reached XP level 2. HP: 3/14 MP: 1/3
   420 | D:3      | Found a burning altar of Makhleb.
   479 | D:3      | Noticed Robin
   479 | D:3      | Reached skill level 3 in Long Blades
   485 | D:3      | Noticed Jessica
   535 | D:4      | Reached XP level 3. HP: 13/18 MP: 4/4
   617 | D:4      | Noticed an ogre
   623 | D:4      | Killed an ogre
   623 | D:4      | Reached skill level 4 in Long Blades
   623 | D:4      | Gained mutation: Your natural rate of healing is unusually fast. [Vine Stalker growth]
   623 | D:4      | Reached XP level 4. HP: 9/22 MP: 2/5
   730 | D:4      | Reached XP level 5. HP: 25/25 MP: 6/6
   740 | D:4      | Reached skill level 5 in Long Blades
   845 | D:5      | Entered Level 5 of the Dungeon
   847 | D:5      | Found a staircase to the Ecumenical Temple.
   873 | Temple   | Entered the Ecumenical Temple
   885 | Temple   | Became a worshipper of Ashenzari the Shackled
   952 | D:6      | Noticed an ogre
  1002 | D:6      | Killed an ogre
  1002 | D:6      | Reached XP level 6. HP: 29/30 MP: 7/7
  1012 | D:6      | Noticed Sigmund
  1014 | D:6      | Noticed a sky beast
  1024 | D:6      | Noticed an orc warrior
  1027 | D:6      | Gained mutation: You are resistant to hostile enchantments. (MR+) [potion of beneficial mutation]
  1043 | D:6      | Noticed a black bear
  1044 | D:6      | Noticed Eustachio
  1052 | D:6      | Killed a black bear
  1052 | D:6      | Reached skill level 6 in Long Blades
  1081 | D:6      | Killed Eustachio
  1081 | D:6      | Reached skill level 7 in Long Blades
  1081 | D:6      | Reached XP level 7. HP: 13/33 MP: 3/8
  1160 | D:6      | Found a sand-covered staircase.
  1164 | Ossuary  | Entered an ossuary
  1437 | D:6      | Reached skill level 8 in Long Blades
  1452 | D:6      | Gained mutation: You have razor-sharp teeth. [Vine Stalker growth]
  1452 | D:6      | Reached XP level 8. HP: 24/37 MP: 9/9
  1516 | D:6      | HP: 1/39 [wight/halberd (6)]
  1521 | D:6      | Mangled by a wight

Vault maps used:
D:1:      minmay_arrival_split_and_join, lexackson_kobold_supper
D:2:      kennysheep_generic_room_12, uniq_iyjb
D:3:      bloody_makhleb, uniq_crazy_yiuf_cottage, uniq_jessica, uniq_robin
D:4:      first_bread
D:5:      patterned_corridor
D:6:      enter_ossuary_5, uniq_sigmund, uniq_eustachio
D:7:      uniq_joseph
Temple:   nicolae_temple_the_god_donut
Ossuary:  ossuary_the_hunt_dpeg

Skill      XL: |  1  2  3  4  5  6  7 |
---------------+----------------------+-----
Long Blades    | 2 3 4 5 7 8 |  8.1
Fighting       | |  1.9
Maces & Flails | |  1.7
Armour         | |  1.0
Dodging        | |  1.7
Stealth        | |  2.4
Shields        | |  1.0

Action                   |  1- 3 |  4- 6 |  7- 9 || total
-------------------------+-------+-------+-------++-------
Melee: Falchion          |    63 |   102 |   141 ||   306
       Bite              |    13 |    30 |    50 ||    93
Throw: Throwing net      |       |       |     1 ||     1
  Use: Scroll            |     5 |     3 |       ||     8
       Potion            |       |     2 |     2 ||     4
 Stab: Held in net/web   |       |       |     2 ||     2
       Invisible         |       |       |     1 ||     1
  Eat: Chunk             |       |     1 |     1 ||     2
Armor: Ring mail         |    24 |    21 |    14 ||    59
       Plate armour      |     1 |       |       ||     1
Dodge: Dodged            |    31 |    59 |    40 ||   130
